 Dungeon Crawl Stone Soup version 0.29.1-12-g30fa7ad0bf (webtiles) character file.

Game seed: 10136750090841182783

2907 Oxelix the Cleaver (level 9, -10/78 HPs)
             Began as a Minotaur Fighter on Jan 4, 2023.
             Was a High Priest of Jiyva.
             Killed from afar by an electric eel (15 damage)
             ... with a bolt of electricity
             ... on level 9 of the Dungeon.
             The game lasted 00:18:07 (5367 turns).

Oxelix the Cleaver (Minotaur Fighter)               Turns: 5367, Time: 00:18:07

Health: -10/78     AC:  6    Str: 25    XL:     9   Next: 49%
Magic:  8/8        EV:  9    Int:  5    God:    Jiyva [*****.]
Gold:   245        SH:  8    Dex: 10    Spells: 8/8 levels left

rFire   . . .      SeeInvis .   a - +0 war axe
rCold   . . .      Faith    .   y - +0 kite shield
rNeg    + . .      Spirit   .   m - +3 leather armour {rPois}
rPois   +          Reflect  .   (helmet restricted)
rElec   .          Harm     .   (no cloak)
rCorr   +          Rampage  .   (no gloves)
Will    .....                   b - +0 pair of boots
Stlth   +.........              (no amulet)
HPRegen 1.67/turn               n - ring of flight
MPRegen 0.56/turn               q - ring of positive energy

@: flying
A: horns 2, retaliatory headbutt, poison resistance, pseudopods 3, jelly
absorbing missiles, sturdy frame 2
a: Renounce Religion, Oozemancy, Slimify


You were on level 9 of the Dungeon.
You worshipped Jiyva.
Jiyva was extremely pleased with you.
You visited 2 branches of the dungeon, and saw 11 of its levels.

You collected 245 gold pieces.

Inventory:

Hand Weapons
 a - a +0 war axe (weapon)
 z - a +0 battleaxe
Armour
 b - a +0 pair of boots (worn)
 m - a +3 leather armour of poison resistance (worn)
 y - a +0 kite shield (worn)
Jewellery
 n - a ring of flight (left hand)
 q - a ring of positive energy (right hand)
 u - a ring of protection from cold
Wands
 d - a wand of roots (2)
 l - a wand of mindburst (5)
 w - a wand of flame (7)
Scrolls
 i - 5 scrolls of identify {unknown}
 k - 3 scrolls of immolation {unknown}
 p - 3 scrolls of enchant armour {unknown}
 r - a scroll of acquirement {unknown}
 s - a scroll of fog {unknown}
 t - a scroll of torment {unknown}
 v - a scroll of poison {unknown}
 x - 2 scrolls of teleportation {unknown}
Potions
 c - a potion of flight {unknown}
 e - 2 potions of lignification {unknown}
 f - 2 potions of degeneration {unknown}
 g - a potion of ambrosia {unknown}
 h - 2 potions of brilliance {unknown}
 j - 2 potions of attraction {unknown}
 o - 3 potions of haste {unknown}


   Skills:
 * Level 6.4 Fighting
 - Level 14.7 Axes
 - Level 3.6 Armour
 - Level 3.6 Shields


You had 8 spell levels left.
You didn't know any spells.
Your spell library contained the following spells:

 Spells                   Type           Power      Damage    Failure   Level
 Freeze                   Ice            0%         1d3       85%         1
 Sandblast                Erth           0%         2d4       85%         1
 Passwall                 Tmut/Erth      0%         N/A       94%         2
 Frozen Ramparts          Ice            0%         1d1       99%         3
 Stone Arrow              Conj/Erth      0%         3d7       99%         3
 Hailstorm                Conj/Ice       0%         3d3       100%        4


Dungeon Overview and Level Annotations

Branches:
Dungeon (10/15)            Temple (1/1) D:5
   Lair: D:8-11         Orc: D:9-12

Altars:
Ashenzari
Cheibriados
Dithmenos
Elyvilon
Fedhas
Gozag
Hepliaklqana
Kikubaaqudgha
Makhleb
Nemelex Xobeh
Okawaru
Qazlal
Ru
Sif Muna
Trog
Uskayaw
Vehumet
Wu Jian
Xom
Yredelemnul
Zin
The Shining One
Jiyva

Annotations:
D:7 1 runed translucent door


Innate Abilities, Weirdness & Mutations

You have a pair of horns on your head.
You reflexively headbutt those who attack you in melee.
Your system is resistant to poisons. (rPois)
Armour fits poorly on your massive pseudopods.
You have a small jelly attached to you that may absorb projectiles.
Your movements are less encumbered by armour. (ER -4)


Message History

You bludgeon the howler monkey.
The howler monkey is moderately wounded.
You block the howler monkey's attack.
You slash the howler monkey!
You kill the howler monkey!
You see here a howler monkey corpse.
There is a stone staircase leading down, spattered with blood here.
You start resting.
HP restored.
You fly downwards.
An electric eel comes into view. x2
The electric eel shoots out a bolt of lightning at you!
The bolt of electricity hits you!
You hear a slurping noise.
The electric eel shoots out a bolt of lightning at you!
The bolt of electricity hits the jelly!
The bolt of electricity hits you!
You hear a slurping noise.
The electric eel shoots out a bolt of lightning at you!
The bolt of electricity hits you!
The electric eel shoots out a bolt of lightning at you!
The bolt of electricity hits you!
The electric eel shoots out a bolt of lightning at you!
The bolt of electricity hits you.
The bolt of electricity hits the jelly!
There is a stone staircase leading up here.
You miss the electric eel. Your headbutt misses the electric eel.
Your bludgeon misses the electric eel.
The electric eel is lightly wounded.
You barely miss the electric eel.
The electric eel shoots out a bolt of lightning at you!
The bolt of electricity hits you.
The electric eel shoots out a bolt of lightning at you!
The bolt of electricity hits the jelly!
The bolt of electricity hits you!
* * * LOW HITPOINT WARNING * * *
The electric eel shoots out a bolt of lightning at you!
The bolt of electricity hits you!
* * * LOW HITPOINT WARNING * * *
The bolt of electricity hits the jelly!
The electric eel shoots out a bolt of lightning at you!
The bolt of electricity hits you!
You die...

#...
##~~~.~~≈≈≈≈≈≈≈
~≈~.
#...~.~~≈≈≈≈≈≈≈
~~~.
#~.~.≈≈≈≈≈≈≈≈≈
....
#~.~.~≈≈≈≈≈≈≈≈
..~~~
##≈.~.~≈≈≈≈≈≈≈≈
≈≈
#.~.~.F≈≈≈≈≈≈≈≈
~≈
#.~.~.~SS~≈≈≈≈≈
.≈
..~.~..@..~~~≈~
YY
..~.~~JJ~.~....
.#≈.~≈~.S.~.~≈~
........~...≈≈~
##≈≈.~~~~~~≈≈≈≈
#≈≈...~≈~≈≈≈≈≈
#~~~~.~≈≈≈≈≈≈≈
......S≈≈≈≈≈S≈


You could see a bullfrog, 5 electric eels and 2 neutral jellies (fellow slime).

Vanquished Creatures
  Sigmund (D:2)
  A wyvern (D:10)
  5 yaks (D:9)
  3 orc warriors
  A water moccasin (D:5)
  A black bear (D:4)
  A centaur (D:7)
  A phantom (D:7)
  Blork the orc (D:5)
  2 bullfrogs
  A necrophage (D:4)
  2 scorpions
  A wight (D:9)
  6 howler monkeys
  3 hounds
  3 orc priests
  Jessica (D:3)
  Ijyb (D:3)
  5 iguanas
  6 orc wizards
  3 adders
  A white imp (D:8)
  2 ufetubi (D:6)
  23 orcs
  6 ball pythons
  3 bats
  3 hobgoblins
  2 jackals (D:5)
  A quokka (D:1)
  2 frilled lizards (D:1)
  3 goblins
  A goblin skeleton (D:7)
  A jackal skeleton (D:7)
  3 kobolds
  3 rats
103 creatures vanquished.

Vanquished Creatures (collateral kills)
  An orc warrior (D:8)
1 creature vanquished.

Vanquished Creatures (others)
  A hornet (D:8)
  An ogre (D:6)
  A centaur (D:8)
  A kobold brigand (D:9)
  A hound (D:5)
  An orc priest (D:8)
  9 jellies
  An adder (D:5)
  A worm (D:4)
  11 orcs
  4 goblins
  A hobgoblin (D:2)
  A jackal (D:4)
  7 kobolds
  2 fungi (D:9)
  6 plants (D:9)
49 creatures vanquished.

Grand Total: 153 creatures vanquished

Notes
Turn   | Place    | Note
-------+----------+-------------------------------------------
     0 | D:1      | Oxelix the Minotaur Fighter began the quest for the Orb.
     0 | D:1      | Reached XP level 1. HP: 19/19 MP: 0/0
   200 | D:1      | Reached skill level 3 in Axes
   210 | D:1      | Found a faded altar of an unknown god.
   227 | D:1      | Reached XP level 2. HP: 25/26 MP: 1/1
   241 | D:1      | Prayed at the altar of an unknown god.
   241 | D:1      | Became a worshipper of Jiyva Jiaqener the Shapeless
   241 | D:1      | Reached * piety under Jiyva
   595 | D:2      | Noticed Sigmund
   621 | D:2      | Killed Sigmund
   622 | D:2      | Reached skill level 6 in Axes
   622 | D:2      | Reached XP level 3. HP: 5/31 MP: 2/2
   622 | D:2      | Reached XP level 4. HP: 6/39 MP: 3/3
   622 | D:2      | Reached XP level 5. HP: 7/45 MP: 4/4
   677 | D:2      | Reached ** piety under Jiyva
  1299 | D:3      | Noticed Jessica
  1302 | D:3      | Killed Jessica
  1341 | D:3      | Reached skill level 7 in Axes
  1371 | D:3      | Noticed Ijyb
  1396 | D:3      | Killed Ijyb
  1440 | D:3      | Reached *** piety under Jiyva
  1458 | D:3      | Found a glowing silver altar of Zin.
  1459 | D:3      | Found an opulent altar of Gozag.
  1716 | D:4      | Reached XP level 6. HP: 49/51 MP: 5/5
  1740 | D:4      | Found a sacrificial altar of Ru.
  1777 | D:4      | Reached skill level 8 in Axes
  1973 | D:4      | Gained mutation: You have a small jelly attached to you
                  | that may absorb projectiles. [Jiyva's grace]
  1973 | D:4      | Gained mutation: Your movements are slightly less
                  | encumbered by armour. (ER -2) [Jiyva's grace]
  1973 | D:4      | Gained mutation: Your movements are less encumbered by
                  | armour. (ER -4) [Jiyva's grace]
  1973 | D:4      | Gained mutation: Your movements are significantly less
                  | encumbered by armour. (ER -6) [Jiyva's grace]
  2228 | D:4      | Reached **** piety under Jiyva
  2435 | D:4      | Found a snail-covered altar of Cheibriados.
  2557 | D:4      | Found a hazy altar of Hepliaklqana.
  2674 | D:5      | Entered Level 5 of the Dungeon
  2678 | D:5      | Noticed Blork the orc
  2691 | D:5      | Reached skill level 9 in Axes
  2701 | D:5      | Killed Blork the orc
  2702 | D:5      | Reached XP level 7. HP: 40/57 MP: 6/6
  2993 | D:5      | Found a staircase to the Ecumenical Temple.
  2999 | Temple   | Entered the Ecumenical Temple
  3242 | D:5      | Reached skill level 10 in Axes
  3439 | D:6      | Reached ***** piety under Jiyva
  3490 | D:6      | Reached skill level 11 in Axes
  3534 | D:6      | Lost mutation: Your movements are significantly less
                  | encumbered by armour. (ER -6) [Jiyva's grace]
  3534 | D:6      | Gained mutation: Your system is resistant to poisons.
                  | (rPois) [Jiyva's grace]
  3534 | D:6      | Gained mutation: Armour fits poorly on your pseudopods.
                  | [Jiyva's grace]
  3534 | D:6      | Gained mutation: Armour fits poorly on your large
                  | pseudopods. [Jiyva's grace]
  3534 | D:6      | Gained mutation: Armour fits poorly on your massive
                  | pseudopods. [Jiyva's grace]
  3704 | D:6      | Reached XP level 8. HP: 64/64 MP: 7/7
  3962 | D:7      | You are sucked into a shaft and drop 3 floors!
  3962 | D:10     | Entered Level 10 of the Dungeon
  3962 | D:10     | Found a broken altar of Ashenzari.
  3962 | D:10     | Found a burning altar of Makhleb.
  3987 | D:10     | Reached skill level 12 in Axes
  4185 | D:9      | Reached skill level 13 in Axes
  4201 | D:9      | Reached skill level 14 in Axes
  4201 | D:9      | Reached XP level 9. HP: 22/70 MP: 8/8
  4579 | D:7      | Found a runed translucent door.
  4581 | D:7      | Identified the +0 helmet "Revyannu" {rPois Regen+ Dex+7
                  | Slay-6}
  4596 | D:7      | Found a basalt altar of Yredelemnul.
  4697 | D:7      | Found a sparkling altar of Nemelex Xobeh.
  4818 | D:7      | Found a shadowy altar of Dithmenos.
  5150 | D:8      | Found a stormy altar of Qazlal.
  5242 | D:8      | Reached skill level 5 in Fighting
  5367 | D:9      | Killed from afar by an electric eel

Illustrated notes

Levels and vault maps discovered:
D:1:      nagdon_arrival_zigzag_paths, layout_basic,
          chequers_ecumenical_altar_simple_redux
D:2:      layout_basic, uniq_sigmund
D:3:      layout_rooms, grunt_temple_overflow_gold_and_silver,
          item_on_display_a, uniq_ijyb, uniq_jessica
D:4:      layout_gridville, marbit_many_paths, mainiacjoe_overflow_brackets,
          cheibrodos_worm_habitat, minmay_misc_feat_five, minivault_11
D:5:      layout_rooms, minmay_temple_entry_proselytizer,
          kennysheep_generic_room_16, uniq_blork_the_orc
D:6:      layout_basic, hex_intersection, kennysheep_generic_room_14
D:7:      layout_basic, grunt_dithmenos_shadows, dk_yredelemnul_ordeal,
          mainiacjoe_overflow_alcove_1
D:8:      layout_basic, nicolae_qazlal_scattered_showers,
          corexii_hall_statues_deadend
D:9:      layout_basic, dpeg_oklobed_lair, nrook_pool_corridor, eino_jars
D:10:     layout_loops_ring, gammafunk_temple_overflow_elements
Temple:   minmay_temple_curvy_loop

Skill      XL: |  1  2  3  4  5  6  7  8  9 |
---------------+----------------------------+-----
Axes           | 3 6 7 9 11 14 | 14.7
Fighting       | 6 |  6.4
Armour         | |  3.6
Shields        | |  3.6

Action                   |  1- 3 |  4- 6 |  7- 9 || total
-------------------------+-------+-------+-------++-------
Melee: War axe           |    37 |    76 |   190 ||   303
       Headbutt          |     3 |     7 |    26 ||    36
       Pseudopods        |       |       |    21 ||    21
Invok: Oozemancy         |       |     2 |     1 ||     3
  Use: Potion            |     1 |       |       ||     1
Armor: Scale mail        |    27 |    13 |       ||    40
       Leather armour    |       |    20 |    50 ||    70
Dodge: Dodged            |    10 |    41 |    81 ||   132
Block: Buckler           |     6 |    14 |    23 ||    43
       Kite shield       |       |       |    12 ||    12
